 Dungeon Crawl Stone Soup version 0.23.2-30-g0e89c35649 (webtiles) character file.

Game seed: 15773847300862921150

2641 Folque the Geomancer (level 9, -10/67 HPs)
             Began as a Red Draconian Earth Elementalist on June 21, 2019.
             Was a Priest of Sif Muna.
             Mangled by a two-headed ogre
             ... wielding a +0 giant club
              (30 damage)
             ... on level 8 of the Dungeon.
             The game lasted 00:28:42 (6422 turns).

Folque the Geomancer (DrEE)                         Turns: 6422, Time: 00:28:43

Health: -10/67     AC: 10    Str: 10    XL:     9   Next: 35%
Magic:  6/18       EV: 14    Int: 18    God:    Sif Muna [***...]
Gold:   255        SH:  0    Dex: 13    Spells: 5/20 levels left

rFire    + . .     SeeInvis +   d - +0 dagger
rCold    . . .     Gourm    .   (no shield)
rNeg     . . .     Faith    .   (armour unavailable)
rPois    .         Spirit   .   (helmet restricted)
rElec    .         Reflect  .   y - +2 cloak
rCorr    .         Harm     .   (no gloves)
MR       .....                  (no boots)
Stlth    ++........             (no amulet)
HPRegen  0.21/turn              (no ring)
MPRegen  0.16/turn              r - ring of see invisible

@: divine energy
A: breathe fire, unfitting armour, fire resistance 1, cold-blooded, AC +7
a: Breathe Fire, Stop Divine Energy, Channel Magic, Renounce Religion


You were on level 8 of the Dungeon.
You worshipped Sif Muna.
Sif Muna was most pleased with you.
You were not hungry.

You visited 1 branch of the dungeon, and saw 8 of its levels.

You collected 305 gold pieces.
You spent 50 gold pieces at shops.

Inventory:

Hand Weapons
 d - a +0 dagger (weapon)
 e - a +0 short sword
 v - a +0 rapier
 B - a +0 lajatang
 C - a +3 falchion
Missiles
 b - 163 stones (quivered)
 A - 12 javelins
Armour
 y - a +2 cloak (worn)
Jewellery
 g - an uncursed ring of stealth
 l - an uncursed ring of positive energy {unknown}
 m - an uncursed ring of protection from cold
 q - an uncursed ring of resist corrosion
 r - a ring of see invisible (right hand)
Scrolls
 a - 5 scrolls of teleportation
 f - 4 scrolls of identify {unknown}
 i - a scroll of noise
 k - 2 scrolls of blinking
 s - 3 scrolls of remove curse
 u - a scroll of magic mapping {unknown}
 w - 3 scrolls of enchant armour
 z - 2 scrolls of enchant weapon {unknown}
 E - a scroll of fear {unknown}
 H - a scroll of random uselessness {unknown}
 I - a scroll of immolation {unknown}
Potions
 h - 6 potions of curing
 j - 2 potions of might {unknown}
 n - a potion of degeneration {unknown}
 o - a potion of invisibility {unknown}
 p - a potion of lignification {unknown}
 t - 2 potions of heal wounds
 x - a potion of brilliance {unknown}
 D - a potion of haste {unknown}
 G - a potion of resistance {unknown}
Comestibles
 c - 9 rations


   Skills:
 - Level 2.1 Fighting
 + Level 4.6 Dodging
 * Level 1.9 Stealth
 - Level 6.0 Spellcasting
 - Level 2.1 Conjurations
 - Level 5.0 Transmutations
 - Level 8.5 Earth Magic
 * Level 0.8 Invocations


You had 5 spell levels left.
You knew the following spells:

 Your Spells              Type           Power        Failure   Level  Hunger
a - Sandblast             Erth           #####.       1%          1    None
b - Passwall              Tmut/Erth      ####....     1%          2    None
c - Stone Arrow           Conj/Erth      ###...       4%          3    ##.....
d - Lee's Rapid Deconstr  Erth           #####.....   10%         5    #####..
e - Petrify               Tmut/Erth      ####....     8%          4    ####...

Your spell library contained the following spells:

 Spells                   Type           Power        Failure   Level  Hunger
 Beastly Appendage        Tmut           ###...       1%          1    None
 Sticks to Snakes         Tmut           ###.....     2%          2    None
 Confusing Touch          Hex            #.....       12%         1    None
 Spider Form              Tmut/Pois      ##........   13%         3    ##.....
 Confuse                  Hex            #.......     34%         3    ##.....
 Gell's Gravitas          Tloc           #.........   34%         3    ##.....
 Ice Form                 Ice/Tmut       ##......     38%         4    ####...
 Blade Hands              Tmut           ###.......   38%         5    #####..
 Yara's Violent Unravell  Hex/Tmut       ##........   75%         5    #####..
 Metabolic Englaciation   Hex/Ice        #.........   97%         5    #####..


Dungeon Overview and Level Annotations

Branches:
Dungeon (9/15)             Temple (0/1) D:6
   Lair: D:8-11         Orc: D:9-12

Altars:
Dithmenos
Elyvilon
Fedhas
Hepliaklqana
Makhleb
Qazlal
Sif Muna
Vehumet

Shops:
D:8 !}[

Annotations:
D:6 exclusion: statue


Innate Abilities, Weirdness & Mutations

You can breathe blasts of fire.
Your fiery red scales are hard. (AC +7)
You cannot fit into any form of body armour.
Your flesh is heat resistant. (rF+)
You are cold-blooded and may be slowed by cold attacks.


Message History

The two-headed ogre is no longer petrified.
The two-headed ogre barely misses you. x2
You barely miss the two-headed ogre.
Your tail-slap misses the two-headed ogre.
The two-headed ogre is lightly wounded.
The two-headed ogre hits you with a +0 giant club!
The two-headed ogre barely misses you.
You see here a plate armour.
Casting: Petrify (safe; 8% risk of failure)
Confirm with . or Enter, or press ? or * to list all spells.
Aiming: Passwall (safe; 1% risk of failure)
Press: ? - help, Dir - move target cursor, p - two-headed ogre A rock wall.
You begin to meditate on the wall.
You continue meditating on the rock.
The two-headed ogre hits you with a +0 giant club!
The two-headed ogre hits you with a +0 giant spiked club!
* * * LOW HITPOINT WARNING * * *
You continue meditating on the rock.
The two-headed ogre hits you with a +0 giant club!!
You die...

#.## #.............##
##.# #..........^...#
#.# #..............#
#.## ##.............#
##.# #.............#
#.## #.............#
#..### #.............#
##....####............#
#
#..###.O@#............#
# ##.##
####......>.....## #
#..# ##...........####
##.## ##..............
#.## #..........####
##.# ##........## ##.##
#........# #..#
##......## ##.##
#.....##


You could see a two-headed ogre.

Vanquished Creatures
  4 hippogriffs
  A hungry ghost (D:7)
  A sky beast (D:8)
  An ice beast (D:6)
  A black bear (D:8)
  An orc warrior (D:7)
  A phantom (D:8)
  An ogre (D:8)
  A centaur (D:7)
  2 bullfrogs
  A water moccasin skeleton (D:9)
  3 killer bees
  3 wights
  3 crimson imps
  A jelly (D:7)
  2 hounds
  4 orc wizards
  3 orc priests
  An iguana (D:6)
  Natasha (D:4)
  4 worker ants
  A hound skeleton (D:7)
  8 adders
  3 gnolls (D:2)
  A shadow imp (D:8)
  An ooze (D:1)
  2 adder zombies
  3 worms
  3 dart slugs
  A leopard gecko (D:6)
  13 orcs
  11 bats
  2 giant cockroaches
  10 hobgoblins
  5 jackals (D:3)
  12 kobolds
  4 quokkas
  2 ball pythons
  6 frilled lizards
  4 goblins
  A jackal zombie (D:7)
  7 rats
140 creatures vanquished.

Notes
Turn   | Place    | Note
-------+----------+-------------------------------------------
     0 | D:1      | Folque the Draconian Earth Elementalist began the quest for
                  | the Orb.
     0 | D:1      | Reached XP level 1. HP: 14/14 MP: 3/3
   165 | D:1      | Reached skill level 1 in Fighting
   222 | D:1      | Reached XP level 2. HP: 19/23 MP: 3/5
   302 | D:1      | Learned a level 2 spell: Passwall
   521 | D:1      | Reached XP level 3. HP: 29/29 MP: 3/6
   526 | D:1      | Learned a level 3 spell: Stone Arrow
   767 | D:2      | Found a hazy altar of Hepliaklqana.
  1030 | D:2      | Reached skill level 1 in Conjurations
  1474 | D:2      | Reached XP level 4. HP: 28/36 MP: 7/7
  1624 | D:2      | Reached XP level 5. HP: 19/41 MP: 0/9
  2023 | D:3      | Reached skill level 4 in Earth Magic
  2358 | D:3      | Found a deep blue altar of Sif Muna.
  2366 | D:3      | Became a worshipper of Sif Muna the Loreminder
  2406 | D:3      | Learned a level 5 spell: Lee's Rapid Deconstruction
  2618 | D:3      | Reached XP level 6. HP: 48/48 MP: 6/11
  2874 | D:4      | Noticed Natasha
  2894 | D:4      | Killed Natasha
  2901 | D:4      | You fall through a shaft for 2 floors!
  2921 | D:6      | Found a white marble altar of Elyvilon.
  2974 | D:6      | Found a staircase to the Ecumenical Temple.
  3167 | D:6      | Reached skill level 5 in Earth Magic
  3218 | D:6      | Found a radiant altar of Vehumet.
  3509 | D:6      | Found a stormy altar of Qazlal.
  3779 | D:6      | Noticed an ice beast
  3783 | D:6      | Killed an ice beast
  3783 | D:6      | Reached * piety under Sif Muna
  3783 | D:6      | Your scales start taking on a fiery red colour.
  3783 | D:6      | Reached XP level 7. HP: 55/55 MP: 1/13
  3783 | D:6      | Gained mutation: Your flesh is heat resistant. (rF+) [Red
                  | Draconian growth]
  4027 | D:6      | Reached skill level 6 in Earth Magic
  4310 | D:6      | Reached skill level 5 in Spellcasting
  4427 | D:7      | Noticed a hippogriff
  4438 | D:7      | Killed a hippogriff
  4438 | D:7      | Reached skill level 7 in Earth Magic
  4438 | D:7      | Reached XP level 8. HP: 57/61 MP: 0/16
  4444 | D:7      | Learned a level 4 spell: Petrify
  4586 | D:7      | Noticed a hippogriff
  4595 | D:7      | Killed a hippogriff
  4595 | D:7      | Reached ** piety under Sif Muna
  4789 | D:7      | Reached skill level 8 in Earth Magic
  4944 | D:7      | Noticed a hippogriff
  4952 | D:7      | Killed a hippogriff
  5143 | D:8      | Found Raupinaf's Distillery.
  5153 | D:8      | Bought a potion of heal wounds for 50 gold pieces
  5213 | D:8      | Reached XP level 9. HP: 67/67 MP: 7/18
  5383 | D:8      | Found a shadowy altar of Dithmenos.
  5424 | D:8      | Found Ycurchew's Magic Scroll Shop.
  5431 | D:8      | Found Pogaull's Armour Shoppe.
  5488 | D:8      | Reached *** piety under Sif Muna
  5582 | D:8      | Found a burning altar of Makhleb.
  5627 | D:8      | Found a blossoming altar of Fedhas.
  5776 | D:8      | Found Saanuaro's Gadget Shop.
  5811 | D:8      | Reached skill level 5 in Transmutations
  5964 | D:9      | Noticed a two-headed ogre
  6422 | D:8      | Mangled by a two-headed ogre

Skill      XL: |  1  2  3  4  5  6  7  8  9 |
---------------+----------------------------+-----
Fighting       | 1 2 |  2.1
Conjurations   | 1 2 |  2.1
Spellcasting   | 3 4 5 6 |  6.0
Earth Magic    | 4 5 7 8 |  8.5
Transmutations | 4 5 |  5.0
Dodging        | 3 4 |  4.6
Stealth        | |  1.9
Invocations    | |  0.8

Action                   |  1- 3 |  4- 6 |  7- 9 || total
-------------------------+-------+-------+-------++-------
Melee: Short sword       |   108 |    45 |       ||   153
       Unarmed           |     5 |       |       ||     5
       Tailslap          |    11 |    16 |    17 ||    44
       Dagger            |     2 |       |    11 ||    13
       Rapier            |       |   101 |    16 ||   117
       Lajatang          |       |    20 |    16 ||    36
       Falchion          |       |       |    49 ||    49
 Cast: Sandblast         |    13 |    24 |    26 ||    63
       Stone Arrow       |     6 |    31 |    50 ||    87
       Lee's Rapid Decon |       |       |     5 ||     5
       Petrify           |       |       |    12 ||    12
       Passwall          |       |       |     1 ||     1
Invok: Divine Energy     |       |       |     1 ||     1
  Use: Potion            |     1 |       |       ||     1
       Scroll            |       |     6 |     2 ||     8
 Stab: Sleeping          |     3 |     2 |       ||     5
       Distracted        |       |     1 |       ||     1
       Petrified         |       |       |    26 ||    26
  Eat: Chunk             |     3 |    10 |    12 ||    25
       Ration            |       |       |     2 ||     2
Armor: Skin              |    43 |    56 |    44 ||   143
Dodge: Dodged            |    87 |   133 |   101 ||   321
       Rpst.: Falchion   |       |       |    17 ||    17
